| TOP OF THE 1ST |
|
Connecticut Tigers batting - Pitching for Los Angeles (NYP) Angels : RHP Ju-wei Long
|
|
Pitching: RHP Ju-wei Long
|
|
|
Batting: RHB Seth Fox
|
0-0: Called Strike 0-1: Ball 1-1: Ball 2-1: Foul Ball, location: 2F 2-2: DOUBLE (Line Drive, 7LM, EV 93.1 MPH)
|
|
Batting: LHB Iestyn Peacock
|
0-0: Called Strike 0-1: Fly out, F9 (Flyball, 9, EV 97.5 MPH)
|
|
Batting: LHB Jon Pedlar
|
0-0: Called Strike 0-1: Called Strike 0-2: Ball 1-2: Strikes out swinging
|
|
Batting: SHB Ronnie Lundy
|
0-0: Hit by Pitch
|
|
Batting: RHB Yaremka Rzhevsky
|
0-0: Called Strike 0-1: Ball 1-1: Called Strike 1-2: Ball 2-2: Foul Ball, location: 2F 2-2: Ball 3-2: Base on Balls Seth Fox to third Ronnie Lundy to second
|
|
Batting: LHB Ryan Adams
|
0-0: Called Strike 0-1: Ball 1-1: Ball 2-1: Ball 3-1: Fly out, F8 (Flyball, 8RM, EV 82.5 MPH)
|
| Top of the 1st over - 0 runs, 1 hit, 0 errors, 3 left on base; Connecticut 0 - Los Angeles (NYP) 0 |
| BOTTOM OF THE 1ST |
|
Los Angeles (NYP) Angels batting - Pitching for Connecticut Tigers : LHP Randolph Main
|
|
Pitching: LHP Randolph Main
|
|
|
Batting: RHB Khalil Thurston
|
0-0: Called Strike 0-1: Ball 1-1: Ball 2-1: DOUBLE (Line Drive, 9LS, EV 105.6 MPH)
|
|
Batting: RHB Arnaud Derosiers
|
0-0: Called Strike 0-1: DOUBLE (Line Drive, 9LS, EV 93.8 MPH) Khalil Thurston scores
|
|
Batting: RHB Juan Rosa
|
0-0: Foul Ball, location: 2F Balk! Arnaud Derosiers to third 0-1: SINGLE (Groundball, 56, EV 102.5 MPH) Arnaud Derosiers scores
|
|
Batting: RHB Aaron Bryant
|
0-0: Foul Ball, location: 2F 0-1: Called Strike 0-2: Strikes out swinging
|
|
Batting: LHB Alberto Carrillo
|
0-0: SINGLE (Line Drive, 78M, EV 91.9 MPH) Juan Rosa to second
|
|
Batting: LHB Bill Girton
|
0-0: Ball 1-0: Ball 2-0: Ball 3-0: Called Strike 3-1: SINGLE (Flyball, 89S, EV 95.0 MPH) Juan Rosa to third Alberto Carrillo to second
|
|
Batting: RHB David Rhodes
|
0-0: Ball 1-0: Grounds into double play, 4-6-3 (Groundball, 4S, EV 83.8 MPH)
|
| Bottom of the 1st over - 2 runs, 5 hits, 0 errors, 2 left on base; Connecticut 0 - Los Angeles (NYP) 2 |
| TOP OF THE 2ND |
|
Connecticut Tigers batting - Pitching for Los Angeles (NYP) Angels : RHP Ju-wei Long
|
|
Batting: LHB Glen Boyle
|
0-0: Ball 1-0: Ground out 6-3 (Groundball, 6, EV 109.4 MPH)
|
|
Batting: SHB Isaiah Bias
|
0-0: Foul Ball, location: 2F 0-1: Ball 1-1: Foul Ball, location: 2F 1-2: Strikes out looking
|
|
Batting: RHB Dustin Bursell
|
0-0: Fly out, F9 (Flyball, 89S, EV 83.1 MPH)
|
| Top of the 2nd over - 0 runs, 0 hits, 0 errors, 0 left on base; Connecticut 0 - Los Angeles (NYP) 2 |
| BOTTOM OF THE 2ND |
|
Los Angeles (NYP) Angels batting - Pitching for Connecticut Tigers : LHP Randolph Main
|
|
Batting: SHB Yuya Hirata
|
0-0: Ball 1-0: SINGLE (Line Drive, 3D, EV 95.0 MPH)
|
|
Batting: RHB Ron Major
|
0-0: Ball 1-0: Grounds into double play, 4-6-3 (Groundball, 4S, EV 87.5 MPH)
|
|
Batting: RHB Khalil Thurston
|
0-0: Ball 1-0: Ball 2-0: Ground out 6-3 (Groundball, 6, EV 85.6 MPH)
|
| Bottom of the 2nd over - 0 runs, 1 hit, 0 errors, 0 left on base; Connecticut 0 - Los Angeles (NYP) 2 |
| TOP OF THE 3RD |
|
Connecticut Tigers batting - Pitching for Los Angeles (NYP) Angels : RHP Ju-wei Long
|
|
Batting: RHB Seth Fox
|
0-0: Ball 1-0: Foul Ball, location: 2F 1-1: Foul Ball, location: 2F 1-2: Foul Ball, location: 2F 1-2: Strikes out swinging
|
|
Batting: LHB Iestyn Peacock
|
0-0: Called Strike 0-1: Ball 1-1: SINGLE (Groundball, 56, EV 105.0 MPH) (infield hit)
|
|
Batting: LHB Jon Pedlar
|
0-0: Ball 1-0: Ball 2-0: Foul Ball, location: 2F 2-1: DOUBLE (Flyball, 89XD, EV 109.4 MPH) Iestyn Peacock to third
|
|
Batting: SHB Ronnie Lundy
|
0-0: Swinging Strike 0-1: Ball 1-1: Foul Ball, location: 2F 1-2: Ball 2-2: Foul Ball, location: 2F 2-2: Ground out 4-3 (Groundball, 4, EV 101.9 MPH) Iestyn Peacock scores Jon Pedlar to third
|
|
Batting: RHB Yaremka Rzhevsky
|
0-0: Ball 1-0: Ground out 6-3 (Groundball, 6, EV 77.5 MPH)
|
| Top of the 3rd over - 1 run, 2 hits, 0 errors, 1 left on base; Connecticut 1 - Los Angeles (NYP) 2 |
| BOTTOM OF THE 3RD |
|
Los Angeles (NYP) Angels batting - Pitching for Connecticut Tigers : LHP Randolph Main
|
|
Batting: RHB Arnaud Derosiers
|
0-0: Called Strike 0-1: Swinging Strike 0-2: Strikes out swinging
|
|
Batting: RHB Juan Rosa
|
0-0: Ball 1-0: Called Strike 1-1: Foul Ball, location: 2F 1-2: Foul Ball, location: 2F 1-2: Ball 2-2: Ball 3-2: Fly out, F7 (Flyball, 7D, EV 99.4 MPH)
|
|
Batting: RHB Aaron Bryant
|
0-0: Swinging Strike 0-1: Called Strike 0-2: Ground out 6-3 (Groundball, 6, EV 78.8 MPH)
|
| Bottom of the 3rd over - 0 runs, 0 hits, 0 errors, 0 left on base; Connecticut 1 - Los Angeles (NYP) 2 |
| TOP OF THE 4TH |
|
Connecticut Tigers batting - Pitching for Los Angeles (NYP) Angels : RHP Ju-wei Long
|
|
Batting: LHB Ryan Adams
|
0-0: Ball 1-0: Ground out U3 (Groundball, 3, EV 81.2 MPH)
|
|
Batting: LHB Glen Boyle
|
0-0: Ball 1-0: Foul Ball, location: 2F 1-1: Called Strike 1-2: Ball 2-2: Ball 3-2: Base on Balls
|
|
Batting: SHB Isaiah Bias
|
0-0: Called Strike 0-1: SINGLE (Groundball, 34D, EV 100.0 MPH) Glen Boyle to second Runner from 2nd tries for 3rd, OUT! 9-5
|
|
Batting: RHB Dustin Bursell
|
0-0: Fly out, F8 (Flyball, 8LD, EV 92.5 MPH)
|
| Top of the 4th over - 0 runs, 1 hit, 0 errors, 1 left on base; Connecticut 1 - Los Angeles (NYP) 2 |
| BOTTOM OF THE 4TH |
|
Los Angeles (NYP) Angels batting - Pitching for Connecticut Tigers : LHP Randolph Main
|
|
Batting: LHB Alberto Carrillo
|
0-0: Ground out U3 (Groundball, 3L, EV 85.0 MPH)
|
|
Batting: LHB Bill Girton
|
0-0: Called Strike 0-1: Foul Ball, location: 2F 0-2: Foul Ball, location: 2F 0-2: Fly out, F8 (Flyball, 8RM, EV 88.1 MPH)
|
|
Batting: RHB David Rhodes
|
0-0: Foul Ball, location: 2F 0-1: Ball 1-1: Ball 2-1: Ball 3-1: TRIPLE (Flyball, 78XD, EV 98.1 MPH)
|
|
Batting: SHB Yuya Hirata
|
0-0: Called Strike 0-1: Ball 1-1: Foul Ball, location: 2F 1-2: Ball 2-2: Strikes out swinging
|
| Bottom of the 4th over - 0 runs, 1 hit, 0 errors, 1 left on base; Connecticut 1 - Los Angeles (NYP) 2 |
| TOP OF THE 5TH |
|
Connecticut Tigers batting - Pitching for Los Angeles (NYP) Angels : RHP Ju-wei Long
|
|
Batting: RHB Seth Fox
|
0-0: Ball 1-0: Called Strike 1-1: Foul Ball, location: 2F 1-2: Ball 2-2: TRIPLE (Line Drive, 8LXD, EV 113.8 MPH)
|
|
Batting: LHB Iestyn Peacock
|
0-0: SINGLE (Groundball, 4M, EV 95.6 MPH) Seth Fox scores
|
|
Batting: LHB Jon Pedlar
|
0-0: Ball 1-0: Called Strike 1-1: Ball 2-1: Fielders Choice at 2nd, 5-4 (Groundball, 5, EV 81.9 MPH)
|
|
Batting: SHB Ronnie Lundy
|
0-0: Fly out, F6 (Popup, 6M, EV 76.2 MPH)
|
|
Batting: RHB Yaremka Rzhevsky
|
0-0: Ball 1-0: Ball 2-0: Ball 3-0: Called Strike 3-1: Swinging Strike 3-2: Fly out, F9 (Flyball, 89S, EV 85.6 MPH)
|
| Top of the 5th over - 1 run, 2 hits, 0 errors, 1 left on base; Connecticut 2 - Los Angeles (NYP) 2 |
| BOTTOM OF THE 5TH |
|
Los Angeles (NYP) Angels batting - Pitching for Connecticut Tigers : LHP Randolph Main
|
|
Batting: RHB Ron Major
|
0-0: Ground out 5-3 (Groundball, 5S, EV 85.0 MPH)
|
|
Batting: RHB Khalil Thurston
|
0-0: Ball 1-0: Ground out 4-3 (Groundball, 4, EV 87.5 MPH)
|
|
Batting: RHB Arnaud Derosiers
|
0-0: Ball 1-0: Ball 2-0: Ground out 5-3 (Groundball, 5S, EV 65.0 MPH)
|
| Bottom of the 5th over - 0 runs, 0 hits, 0 errors, 0 left on base; Connecticut 2 - Los Angeles (NYP) 2 |
| TOP OF THE 6TH |
|
Connecticut Tigers batting - Pitching for Los Angeles (NYP) Angels : RHP Ju-wei Long
|
|
Batting: LHB Ryan Adams
|
0-0: Swinging Strike 0-1: Swinging Strike 0-2: Foul Ball, location: 2F 0-2: Ball 1-2: Strikes out swinging
|
|
Pitching: RHP Troy Ingram
|
|
|
Batting: LHB Glen Boyle
|
0-0: Ball 1-0: Foul Ball, location: 2F 1-1: Ball 2-1: Called Strike 2-2: Ground out U3 (Groundball, 34S, EV 84.4 MPH)
|
|
Batting: SHB Isaiah Bias
|
0-0: Called Strike 0-1: Swinging Strike 0-2: Strikes out swinging
|
| Top of the 6th over - 0 runs, 0 hits, 0 errors, 0 left on base; Connecticut 2 - Los Angeles (NYP) 2 |
| BOTTOM OF THE 6TH |
|
Los Angeles (NYP) Angels batting - Pitching for Connecticut Tigers : LHP Randolph Main
|
|
Batting: RHB Juan Rosa
|
0-0: Ball 1-0: Ball 2-0: Called Strike 2-1: Ball 3-1: Foul Ball, location: 2F 3-2: Foul Ball, location: 2F 3-2: Ground out 6-3 (Groundball, 6, EV 86.9 MPH)
|
|
Batting: RHB Aaron Bryant
|
0-0: Called Strike 0-1: Ball 1-1: Foul Ball, location: 2F 1-2: Foul Ball, location: 2F 1-2: TRIPLE (Flyball, 78XD, EV 109.4 MPH)
|
|
Batting: LHB Alberto Carrillo
|
0-0: Called Strike 0-1: Foul Ball, location: 2F 0-2: SINGLE (Groundball, 3L, EV 111.9 MPH) (infield hit) Aaron Bryant scores
|
|
Batting: LHB Bill Girton
|
0-0: Called Strike 0-1: Reached on error, E4 (Groundball, 4, EV 80.0 MPH) Alberto Carrillo to second
|
|
Batting: RHB David Rhodes
|
0-0: Ball 1-0: Ball 2-0: Ball 3-0: Called Strike 3-1: Base on Balls Alberto Carrillo to third Bill Girton to second
|
|
Pitching: RHP Sho Sekine
|
|
|
Batting: SHB Yuya Hirata
|
0-0: Called Strike 0-1: Ball 1-1: Fly out, F9 (Flyball, 9, EV 84.4 MPH)
|
|
Batting: RHB Ron Major
|
0-0: Foul Ball, location: 2F 0-1: Foul Ball, location: 2F 0-2: Ball 1-2: Ball 2-2: Strikes out looking
|
| Bottom of the 6th over - 1 run, 2 hits, 1 error, 3 left on base; Connecticut 2 - Los Angeles (NYP) 3 |
| TOP OF THE 7TH |
|
Connecticut Tigers batting - Pitching for Los Angeles (NYP) Angels : RHP Troy Ingram
|
|
Batting: RHB Dustin Bursell
|
0-0: Foul Ball, location: 2F 0-1: Called Strike 0-2: Ball 1-2: Foul Ball, location: 2F 1-2: Foul Ball, location: 2F 1-2: Ball 2-2: Strikes out looking
|
|
Batting: RHB Seth Fox
|
0-0: Foul Ball, location: 2F 0-1: Swinging Strike 0-2: Ball 1-2: Strikes out swinging
|
|
Batting: LHB Iestyn Peacock
|
0-0: Fly out, F9 (Line Drive, 89M, EV 102.5 MPH)
|
| Top of the 7th over - 0 runs, 0 hits, 0 errors, 0 left on base; Connecticut 2 - Los Angeles (NYP) 3 |
| BOTTOM OF THE 7TH |
|
Los Angeles (NYP) Angels batting - Pitching for Connecticut Tigers : RHP Sho Sekine
|
|
Batting: RHB Khalil Thurston
|
0-0: SOLO HOME RUN (Flyball, 78XD, EV 115.6 MPH), Distance : 432 ft
|
|
Batting: RHB Arnaud Derosiers
|
0-0: Called Strike 0-1: Foul Ball, location: 2F 0-2: Ball 1-2: Ground out 5-3 (Groundball, 56, EV 88.8 MPH)
|
|
Batting: RHB Juan Rosa
|
0-0: Called Strike 0-1: Foul Ball, location: 2F 0-2: Ball 1-2: Strikes out swinging, 2-3 out at first.
|
|
Batting: RHB Aaron Bryant
|
0-0: Called Strike 0-1: Called Strike 0-2: SINGLE (Flyball, 8LS, EV 100.6 MPH)
|
|
Pitching: RHP Rich Nunez
|
|
|
Batting: LHB Alberto Carrillo
|
0-0: Ball 1-0: Called Strike 1-1: Ball 2-1: Swinging Strike 2-2: Ground out 4-3 (Groundball, 4, EV 106.9 MPH)
|
| Bottom of the 7th over - 1 run, 2 hits, 0 errors, 1 left on base; Connecticut 2 - Los Angeles (NYP) 4 |
| TOP OF THE 8TH |
|
Connecticut Tigers batting - Pitching for Los Angeles (NYP) Angels : RHP Troy Ingram
|
|
Batting: LHB Jon Pedlar
|
0-0: Called Strike 0-1: Swinging Strike 0-2: Ball 1-2: Ground out 1-3 (Groundball, 13S, EV 62.5 MPH)
|
|
Batting: SHB Ronnie Lundy
|
0-0: Called Strike 0-1: Called Strike 0-2: Strikes out swinging
|
|
Batting: RHB Yaremka Rzhevsky
|
0-0: Called Strike 0-1: Ball 1-1: Ball 2-1: Called Strike 2-2: Ball 3-2: Foul Ball, location: 2F 3-2: Foul Ball, location: 2F 3-2: Foul Ball, location: 2F 3-2: Foul Ball, location: 2F 3-2: Base on Balls
|
|
Pitching: RHP Dean LeCroy
|
|
|
Batting: LHB Ryan Adams
|
0-0: Swinging Strike 0-1: Ball 1-1: Swinging Strike 1-2: Foul Ball, location: 2F 1-2: Strikes out swinging
|
| Top of the 8th over - 0 runs, 0 hits, 0 errors, 1 left on base; Connecticut 2 - Los Angeles (NYP) 4 |
| BOTTOM OF THE 8TH |
|
Los Angeles (NYP) Angels batting - Pitching for Connecticut Tigers : RHP Rich Nunez
|
|
Batting: LHB Bill Girton
|
0-0: Called Strike 0-1: Called Strike 0-2: Foul Ball, location: 2F 0-2: Ball 1-2: Foul Ball, location: 2F 1-2: Foul Ball, location: 2F 1-2: Ball 2-2: Foul Ball, location: 2F 2-2: Fly out, F3 (Popup, 23F, EV 85.0 MPH)
|
|
Batting: RHB David Rhodes
|
0-0: SINGLE (Line Drive, 4MD, EV 93.8 MPH)
|
|
Batting: SHB Yuya Hirata
|
0-0: Ball 1-0: Swinging Strike 1-1: Foul Ball, location: 2F 1-2: Foul Ball, location: 2F 1-2: Ball 2-2: Fly out, F9 (Flyball, 9LSF, EV 90.6 MPH)
|
|
Batting: RHB Ron Major
|
0-0: Fielders Choice at 2nd, 6-4 (Groundball, 6, EV 90.6 MPH)
|
| Bottom of the 8th over - 0 runs, 1 hit, 0 errors, 1 left on base; Connecticut 2 - Los Angeles (NYP) 4 |
| TOP OF THE 9TH |
|
Connecticut Tigers batting - Pitching for Los Angeles (NYP) Angels : RHP Dean LeCroy
|
|
Batting: LHB Glen Boyle
|
0-0: Called Strike 0-1: Ball 1-1: Swinging Strike 1-2: Ball 2-2: Strikes out swinging
|
|
Batting: SHB Isaiah Bias
|
0-0: Ball 1-0: SINGLE (Line Drive, 8LS, EV 93.1 MPH)
|
|
Batting: RHB Dustin Bursell
|
0-0: Ball 1-0: Swinging Strike 1-1: Foul Ball, location: 2F 1-2: Strikes out swinging
|
|
Pinch Hitting: LHB Steve Herrera
|
0-0: Called Strike 0-1: Ball 1-1: Foul Ball, location: 2F 1-2: Strikes out swinging
|
| Top of the 9th over - 0 runs, 1 hit, 0 errors, 1 left on base; Connecticut 2 - Los Angeles (NYP) 4 |
|